 Dungeon Crawl Stone Soup version 0.29.1-15-g9cfb28693d (webtiles) character file.

Game seed: 15302501204779194750

117 Gabide the Shooter (level 4, -3/40 HPs)
             Began as a Deep Elf Hunter on Apr 5, 2023.
             Killed by divine providence
             ... invoked by an orc priest
              (9 damage)
             ... on level 3 of the Dungeon.
             The game lasted 00:03:52 (1789 turns).

Gabide the Shooter (Deep Elf Hunter)                Turns: 1789, Time: 00:03:52

Health: -3/40      AC: 30    Str:  8    XL:     4   Next: 71%
Magic:  6/6        EV:  2    Int: 14    God:
Gold:   156        SH:  0    Dex: 20    Spells: 3/3 levels left

rFire   x x .      SeeInvis .   a - +0 shortbow
rCold   x x .      Faith    .   (shield currently unavailable)
rNeg    . . .      Spirit   .   (body armour currently unavailable)
rPois   +          Reflect  .   (helmet currently unavailable)
rElec   .          Harm     .   (cloak currently unavailable)
rCorr   .          Rampage  .   (gloves currently unavailable)
Will    .....      NoTele   +   (boots currently unavailable)
Stlth   ++........              k - amulet of Elemental Vulnerability {rPois rF-- rC-- AC+8}
HPRegen 0.13/turn               (no ring)
MPRegen 0.10/turn               (no ring)

@: tree-form
A: stationary, stasis, torment immunity, boosted hp
a: no special abilities


You were on level 3 of the Dungeon.
You were a tree.
You visited 1 branch of the dungeon, and saw 3 of its levels.

You collected 156 gold pieces.

Inventory:

Hand Weapons
 a - a +0 shortbow (weapon)
Missiles
 o - 3 curare-tipped darts
Armour
 c - a +0 leather armour (melded)
Jewellery
 h - an amulet of reflection
 k - the amulet of Elemental Vulnerability (around neck) {rPois rF-- rC-- AC+8}
   (You found it on level 2 of the Dungeon)

   [amulet of nothing]

   AC:        It affects your AC (+8).
   rF:        It makes you very vulnerable to fire.
   rC:        It makes you very vulnerable to cold.
   rPois:     It protects you from poison.
Wands
 n - a wand of charming (2)
Scrolls
 b - a scroll of immolation
 d - 2 scrolls of teleportation
 j - a scroll of identify {unknown}
Potions
 e - a potion of resistance {unknown}
 f - a potion of lignification
 g - a potion of ambrosia {unknown}
 i - 2 potions of attraction {unknown}
 l - a potion of invisibility {unknown}
 m - a potion of heal wounds {unknown}


   Skills:
 + Level 2.4 Fighting
 * Level 6.9 Ranged Weapons
 + Level 3.6 Dodging
 - Level 1.2 Stealth


You had 3 spell levels left.
You didn't know any spells.
Your spell library contained the following spells:

 Spells                   Type           Power      Damage    Failure   Level
 Tukima's Dance           Hex            0%         N/A       65%         3
 Passage of Golubria      Tloc           0%         N/A       96%         4
 Yara's Violent Unravell  Hex/Tmut       0%         3d3       100%        5


Dungeon Overview and Level Annotations

Branches:
Dungeon (3/15)

Altars:
Wu Jian

Annotations:
D:3 Sigmund


Message History

You hear a shout!
You shoot an arrow. The orc priest shouts!
The arrow hits the orc.
You kill the orc!
You shoot an arrow. The arrow completely misses the orc.
The orc misses you.
You shoot an arrow. The arrow hits the orc!
You kill the orc!
You shoot an arrow. The arrow hits the orc priest.
The orc priest is moderately wounded.
You hear a shout!
The orc priest begins to cast a cantrip, but forgets the words!
You hear a shout!
You shoot an arrow.
The arrow hits the orc priest but does no damage.
The orc priest is moderately wounded.
The orc priest mumbles some strange prayers to Beogh against you.
Pain shoots through your body!
You shoot an arrow. The arrow hits the orc priest.
The orc priest is heavily wounded.
The orc priest mumbles some strange prayers to Beogh against you.
Beogh smites you!
Ouch! That really hurt!
* * * LOW HITPOINT WARNING * * *
It was a potion of lignification.
You turn into a tree.
Your +0 leather armour melds into your body.
Your roots penetrate the ground.
The orc priest barely misses you.
Fire: a) +0 shortbow
Press: ? - help, Q - select action, (/) - cycle Shift-Dir - straight line, f/p - orc priest
Aim: an orc priest, wielding a +0 hand axe and wearing a +0 chain mail (heavily wounded, 72% to hit)
You shoot an arrow. The arrow hits the orc priest.
The orc priest is severely wounded.
The orc priest looks braver for a moment.
Fire: a) +0 shortbow
Press: ? - help, Q - select action, (/) - cycle Shift-Dir - straight line, f/p - orc priest
Aim: an orc priest, wielding a +0 hand axe and wearing a +0 chain mail (severely wounded, 72% to hit)
You shoot an arrow. The arrow barely misses the orc priest.
The orc priest calls down the wrath of Beogh upon you.
Beogh smites you!
You die...

#####.#.#.# .#
#.....####.## ..#
##..|........ ...#
#..######.#
.#..##..####... #
..........##.######.#...
###.....#........@..o..#
##...#....#.##o#
#...†....#.##♣#
####....).#.#....#
.....#...##.###..# #.#
####.#....#.###.## #.# #
#.........##.## #.#
####...##.#...#..# #.#
.......##........### #.#
...#...####..#.....##
#.# .#....##
#..#..##..######.#####


You could see Sigmund and an orc priest.

Vanquished Creatures
  Jessica (D:3)
  Ijyb (D:3)
  3 adders
  2 orcs (D:3)
  8 endoplasms
  A giant cockroach (D:3)
  4 goblins
  5 hobgoblins
  3 kobolds
  2 quokkas
  A ball python (D:3)
  A bat (D:1)
  A frilled lizard (D:2)
  2 rats
35 creatures vanquished.

Notes
Turn   | Place    | Note
-------+----------+-------------------------------------------
     0 | D:1      | Gabide the Deep Elf Hunter began the quest for the Orb.
     0 | D:1      | Reached XP level 1. HP: 12/12 MP: 3/3
   154 | D:1      | Found a faded altar of an unknown god.
   170 | D:1      | Reached XP level 2. HP: 17/17 MP: 4/4
   813 | D:2      | Found an ornate altar of the Wu Jian Council.
   910 | D:2      | Reached skill level 6 in Ranged Weapons
   910 | D:2      | Reached XP level 3. HP: 18/21 MP: 5/5
  1245 | D:2      | Found the amulet of Elemental Vulnerability {rPois rF--
                  | rC-- AC+8}
  1429 | D:3      | Noticed Sigmund
  1478 | D:3      | Noticed Jessica
  1480 | D:3      | Killed Jessica
  1481 | D:3      | Reached XP level 4. HP: 26/26 MP: 6/6
  1497 | D:3      | Noticed Ijyb
  1530 | D:3      | Killed Ijyb
  1789 | D:3      | Killed from afar by an orc priest

Illustrated notes

Levels and vault maps discovered:
D:1:      lightli_arrival_windingriver, layout_loops_ring,
          hellmonk_ecumenical_altar_arch_garden, serial_glass, glass_columns_a,
          glass_columns_a, glass_columns_a, glass_columns_a, glass_columns_a,
          glass_columns_b, due_unseen_surprise, minmay_strange_pillars
D:2:      layout_basic, serial_aquarium, aquarium_bridge_island_small
          [aquarium_subvault_small_open, aquarium_subvault_bridge,
          aquarium_subvault_wall, aquarium_subvault_window,
          aquarium_subvault_wall], aquarium_window_corner,
          aquarium_window_corner, aquarium_view_2c, aquarium_view_2e,
          aquarium_pool_S, basic_altar, minmay_misc_feat_iff,
          minmay_misc_feat_chi
D:3:      layout_rooms, uniq_ijyb, uniq_jessica, uniq_sigmund

Skill      XL: |  1  2 |
---------------+-------+-----
Dodging        | 3 |  3.6
Fighting       | 2 |  2.4
Ranged Weapons | 6 |  6.9
Stealth        | |  1.2

Action                   |  1- 3 |  4- 6 || total
-------------------------+-------+-------++-------
 Fire: Shortbow          |    64 |    32 ||    96
  Use: Scroll            |     3 |       ||     3
       Potion            |       |     1 ||     1
Armor: Leather armour    |     2 |     8 ||    10
Dodge: Dodged            |     4 |     8 ||    12
Block: Other             |     2 |       ||     2
